 Dungeon Crawl Stone Soup version 0.25-a0-835-gb37b1c2 (webtiles) character file.

Game seed: 18391358623114908987, levelgen mode: deterministic

4181 Balder the Basher (level 10, -1/76 HPs)
             Began as a Human Fighter on Mar 13, 2020.
             Was a Priest of Okawaru.
             Slain by an orc warrior
             ... wielding a cursed -1 halberd
              (7 damage)
             ... on level 8 of the Dungeon on Apr 24, 2020.
             The game lasted 00:41:17 (13971 turns).

Balder the Basher (Human Fighter)                  Turns: 13971, Time: 00:41:17

Health: -1/76      AC: 14    Str: 18    XL:     10   Next: 53%
Magic:  11/11      EV:  5    Int:  8    God:    Okawaru [***...]
Gold:   415        SH: 10    Dex: 15    Spells: 9/9 levels left

rFire    . . .     SeeInvis .   a - +2 morningstar
rCold    . . .     Gourm    .   c - +0 kite shield
rNeg     + . .     Faith    .   D - +0 plate armour
rPois    .         Spirit   .   p - +0 hat
rElec    .         Reflect  .   z - scarf {repulsion}
rCorr    .         Harm     .   s - +0 pair of gloves
MR       .....                  (no boots)
Stlth    ..........             (no amulet)
HPRegen  0.22/turn              m - ring of positive energy
MPRegen  0.12/turn              (no ring)

@: mighty, drained, repel missiles
A: no striking features
a: Heroism, Renounce Religion


You were on level 8 of the Dungeon.
You worshipped Okawaru.
Okawaru was most pleased with you.
You were not hungry.

You visited 2 branches of the dungeon, and saw 9 of its levels.

You collected 415 gold pieces.

Inventory:

Hand Weapons
 a - a +2 morningstar (weapon)
 b - a +3 flail of venom
 g - a +0 short sword of speed
 A - a +1 flail
 L - a +3 spear
Missiles
 i - 16 poisoned darts (quivered)
 l - 3 throwing nets
 I - 5 boomerangs
Armour
 c - a +0 kite shield (worn)
 j - a +1 cloak
 p - a +0 hat (worn)
 s - a +0 pair of gloves (worn)
 z - a scarf of repulsion (worn)
 D - a +0 plate armour (worn)
Magical Staves
 q - an uncursed staff of energy {unknown}
Jewellery
 d - an uncursed ring of magical power
 m - a ring of positive energy (left hand)
 u - an uncursed ring of protection from cold
 y - an uncursed ring of flight
 G - an uncursed ring of resist corrosion
 H - an uncursed ring of protection from fire
Wands
 o - a wand of acid (7)
 t - a wand of enslavement (3)
 w - a wand of polymorph (9)
 E - a wand of paralysis (5)
Scrolls
 e - 3 scrolls of teleportation {unknown}
 h - 2 scrolls of enchant weapon
 k - 4 scrolls of identify
 n - 5 scrolls of remove curse
 x - a scroll of fog {unknown}
 B - a scroll of torment {unknown}
 K - a scroll of magic mapping {unknown}
Potions
 r - a potion of curing {unknown}
 v - 2 potions of might
 C - a potion of flight {unknown}
 F - a potion of lignification {unknown}
Comestibles
 f - 9 rations
 J - 5 chunks of flesh


   Skills:
 * Level 5.9(5.2) Fighting
 * Level 8.4(7.7) Maces & Flails
 + Level 1.8(1.2) Throwing
 * Level 6.9(6.2) Armour
 * Level 4.4(3.7) Dodging
 * Level 4.7(4.1) Stealth
 * Level 6.3(5.6) Shields
 * Level 1.9(1.3) Invocations


You had 9 spell levels left.
You didn't know any spells.
Your spell library contained the following spells:

 Spells                   Type           Power        Failure   Level  Hunger
 Foxfire                  Conj/Fire      #...         100%        1    ##.....
 Conjure Flame            Conj/Fire      #.......     100%        3    ####...
 Inner Flame              Hex/Fire       #.......     100%        3    ####...
 Sticky Flame             Conj/Fire      #.......     100%        4    #####..
 Fireball                 Conj/Fire      #.........   100%        5    ######.


Dungeon Overview and Level Annotations

Branches:
Dungeon (8/15)             Temple (1/1) D:7
   Lair: D:8-11

Altars:
Ashenzari
Cheibriados
Dithmenos
Elyvilon
Fedhas
Gozag
Hepliaklqana
Kikubaaqudgha
Makhleb
Nemelex Xobeh
Okawaru
Qazlal
Ru
Sif Muna
Trog
Uskayaw
Vehumet
Wu Jian
Xom
Yredelemnul
The Shining One


Message History

The wight hits you but does no damage. You block the orc's attack.
You block the shadow imp's attack.
You closely miss the orc warrior.
The orc warrior is lightly wounded.
The orc warrior hits you with a cursed -1 halberd!
* * * LOW HITPOINT WARNING * * *
You block the wight's attack.
The shadow imp hits you but does no damage.
You block the orc's attack.
You barely miss the orc warrior.
The orc warrior is lightly wounded.
The orc warrior hits you with a cursed -1 halberd.
* * * LOW HITPOINT WARNING * * *
The wight completely misses you.
The shadow imp hits you but does no damage.
You block the orc's attack.
Your plate armour prevents you from hitting the orc warrior.
The orc warrior is lightly wounded.
The orc warrior hits you with a cursed -1 halberd!
You die...

......##..........(.........
......#............#.......>
................(#.#........
.................####.......
..............(....#........
#...........<..###.........#
#.......[.(.[(..##.........
##......)z(oo..##......... #
#........5@....#.......##
..##........<)....#.##.....#
......##.....[.............#
##.....##.......#.##.......#
..........(..)..#.##.......#
..........#..##.[..........#
.......(.##.###.#.....#....#
..#........###.#
#.##....######
...........###.#
#..#.....#####


You could see an orc warrior, a wight, a shadow imp and an orc.

Vanquished Creatures
  Joseph (D:7)
  Grum (D:8)
  Menkaure (D:4)
  Edmund (D:5)
  A water moccasin (D:8)
  2 ice beasts
  3 sky beasts
  3 orc warriors
  A black bear (D:7)
  A necrophage (D:6)
  6 ogres
  4 wolves
  4 centaurs
  2 bullfrogs
  3 wights
  A howler monkey (D:4)
  A hound (D:6)
  A quasit (D:8)
  2 jellies
  5 orc priests
  3 iguanas (D:7)
  5 orc wizards
  5 worker ants
  A hound zombie (D:8)
  A howler monkey zombie (D:8)
  A worker ant zombie (D:6)
  12 gnolls
  10 adders
  A shadow imp (D:5)
  2 oozes
  An adder skeleton (D:6)
  4 worms
  3 dart slugs
  4 leopard geckos
  20 orcs
  8 bats
  6 giant cockroaches
  3 goblins
  11 hobgoblins
  12 jackals
  3 quokkas
  A ball python (D:1)
  4 frilled lizards
  A jackal skeleton (D:4)
  9 kobolds
  3 leopard gecko skeletons
  A quokka zombie (D:5)
  4 rats
183 creatures vanquished.

Notes
Turn   | Place    | Note
-------+----------+-------------------------------------------
     0 | D:1      | Balder the Human Fighter began the quest for the Orb.
     0 | D:1      | Reached XP level 1. HP: 18/18 MP: 1/1
   253 | D:1      | Reached XP level 2. HP: 22/24 MP: 2/2
   354 | D:1      | Reached XP level 3. HP: 20/29 MP: 3/3
  1294 | D:2      | Reached XP level 4. HP: 10/35 MP: 4/4
  1295 | D:2      | Reached skill level 1 in Stealth
  1297 | D:2      | Reached skill level 1 in Dodging
  1688 | D:2      | Found a basalt altar of Yredelemnul.
  1722 | D:2      | Upgraded the game from 0.25-a0-591-g2ad0d86 to
                  | 0.25-a0-835-gb37b1c2
  1785 | D:2      | Reached XP level 5. HP: 36/41 MP: 5/5
  1907 | D:2      | Reached skill level 3 in Maces & Flails
  2661 | D:3      | Reached XP level 6. HP: 40/48 MP: 6/6
  2765 | D:3      | Found a stormy altar of Qazlal.
  3949 | D:4      | Noticed Menkaure
  3958 | D:4      | Killed Menkaure
  3958 | D:4      | Reached skill level 4 in Maces & Flails
  3958 | D:4      | Reached XP level 7. HP: 23/54 MP: 7/7
  9091 | D:5      | Entered Level 5 of the Dungeon
  9094 | D:5      | Found a shattered altar of Ashenzari.
  9236 | D:5      | Found a shattered altar of Ashenzari.
  9296 | D:5      | Found a radiant altar of Vehumet.
  9585 | D:5      | Noticed Edmund
  9610 | D:5      | Killed Edmund
  9610 | D:5      | Reached skill level 5 in Armour
  9610 | D:5      | Reached XP level 8. HP: 31/60 MP: 8/8
  9950 | D:5      | Found a glowing golden altar of the Shining One.
  9957 | D:5      | Reached skill level 5 in Maces & Flails
 10839 | D:6      | Reached skill level 1 in Throwing
 10968 | D:6      | Reached XP level 9. HP: 63/66 MP: 9/9
 10998 | D:6      | Reached skill level 6 in Maces & Flails
 11368 | D:7      | Found a staircase to the Ecumenical Temple.
 11375 | D:7      | Reached skill level 5 in Shields
 11474 | Temple   | Entered the Ecumenical Temple
 11528 | Temple   | Became a worshipper of Warmaster Okawaru
 11591 | D:7      | Reached skill level 5 in Fighting
 11593 | D:7      | Noticed Joseph
 11618 | D:7      | Killed Joseph
 11618 | D:7      | Reached * piety under Okawaru
 11625 | D:7      | Reached skill level 7 in Maces & Flails
 11696 | D:7      | Found a stormy altar of Qazlal.
 12530 | D:8      | Noticed Grum
 12545 | D:7      | Reached ** piety under Okawaru
 12545 | D:7      | Reached XP level 10. HP: 59/74 MP: 10/10
 12789 | D:8      | Reached skill level 1 in Invocations
 12824 | D:8      | Reached skill level 8 in Maces & Flails
 12847 | D:8      | Killed Grum
 13575 | D:8      | Reached *** piety under Okawaru
 13971 | D:8      | Slain by an orc warrior

Levels and vault maps discovered:
D:1:      eino_arrival_water_cross, layout_basic, st_stairs_11,
          minmay_crystal_water
D:2:      layout_loops_ring, lemuel_crystal_altar
D:3:      layout_rooms, grunt_qazlal_clouds
D:4:      layout_cave_pools, uniq_menkaure
D:5:      layout_basic, kennysheep_little_box, nicolae_overflow_crystal_walls,
          lemuel_doored_altar, first_ration, basic_altar, minmay_curled_crystal,
          grunt_decor_arrowhead, uniq_edmund
D:6:      layout_basic
D:7:      layout_rooms, minmay_temple_entry_butterflies, grunt_ogre_cave,
          lemuel_statue_altar, uniq_joseph
D:8:      layout_cave_pools, uniq_grum
Temple:   nicolae_temple_elliptical

Skill      XL: |  1  2  3  4  5  6  7  8  9 10 |
---------------+-------------------------------+-----
Stealth        | 1 2 3 4 |  4.7
Dodging        | 1 2 3 4 |  4.4
Maces & Flails | 3 4 5 7 8 |  8.4
Armour         | 4 5 6 |  6.9
Shields        | 4 5 6 |  6.3
Fighting       | 4 5 |  5.9
Throwing       | 1 |  1.8
Invocations    | 1 |  1.9

Action                   |  1- 3 |  4- 6 |  7- 9 | 10-12 || total
-------------------------+-------+-------+-------+-------++-------
Melee: Flail             |   106 |   243 |   302 |   111 ||   762
       Morningstar       |       |       |     3 |    39 ||    42
Throw: Dart              |       |    21 |    27 |    21 ||    69
  Use: Potion            |     1 |     3 |     3 |     1 ||     8
       Scroll            |       |     4 |    10 |       ||    14
  Eat: Chunk             |     1 |     9 |     2 |     1 ||    13
       Ration            |       |       |     8 |     1 ||     9
Armor: Scale mail        |    55 |    75 |       |       ||   130
       Chain mail        |       |       |   120 |       ||   120
       Plate armour      |       |       |    22 |   124 ||   146
Dodge: Dodged            |    40 |    92 |    59 |    39 ||   230
       Repelled          |       |       |       |    10 ||    10
Block: Kite shield       |    42 |   103 |   127 |   130 ||   402

Table legend:
 A = Non-vault XP
 B = Vault XP
 C = Vault XP percentage of total XP
 D = Non-vault monster count
 E = Vault monster count
 F = Vault count percentage of total count
                 A         B        C        D         E       F
            +---------+---------+-------+---------+---------+-------
      Total |    4394 |    1580 |  26.4 |     171 |      12 |   6.6
            +---------+---------+-------+---------+---------+-------
        D:1 |      56 |       4 |   6.7 |      23 |       3 |  11.5
        D:2 |     176 |       0 |   0.0 |      25 |       0 |   0.0
        D:3 |      70 |       0 |   0.0 |      21 |       0 |   0.0
        D:4 |     194 |     169 |  46.6 |      11 |       1 |   8.3
        D:5 |     723 |     157 |  17.8 |      17 |       1 |   5.6
        D:6 |     598 |       0 |   0.0 |      18 |       0 |   0.0
        D:7 |    1451 |     946 |  39.5 |      36 |       5 |  12.2
        D:8 |    1126 |     304 |  21.3 |      20 |       2 |   9.1
            +---------+---------+-------+---------+---------+-------
